 Dungeon Crawl Stone Soup version 0.29.0-4-gdea44cf6ec (webtiles) character file.

Game seed: 9703078292522658429

343 qw the Chopper (level 6, 0/45 (47) HPs)
             Began as a Demonspawn Cinder Acolyte on Sept 9, 2022.
             Was an Elder of Ignis.
             Killed by divine providence
             ... invoked by an orc priest
              (14 damage)
             ... on level 4 of the Dungeon.
             The game lasted 00:01:37 (4383 turns).

qw the Chopper (Demonspawn Cinder Acolyte)          Turns: 4383, Time: 00:01:37

HP:   0/45 (47)     AC: 19    Str: 16    XL:     6   Next: 31%
MP:   7/7           EV:  6    Int: 16    God:    Ignis [****..]
Gold: 201           SH:  0    Dex:  8    Spells: 7/7 levels left

rFire   + . .      SeeInvis .   Y - +0 hand axe (flame)
rCold   . . .      Faith    .   (no shield)
rNeg    . . .      Spirit   .   l - +0 chain mail
rPois   .          Reflect  .   (no helmet)
rElec   .          Harm     .   (no cloak)
rCorr   .          Rampage  .   d - +2 pair of gloves
Will    .....                   (no boots)
Stlth   ..........              (no amulet)
HPRegen 0.15/turn               (no ring)
MPRegen 0.20/turn               (no ring)

@: fiery-armoured, lightly drained
A: claws 1, icemail 1, magic regeneration, condensation shield
a: Renounce Religion, Fiery Armour, Foxfire Swarm, Rising Flame


You were on level 4 of the Dungeon.
You worshipped Ignis.
Ignis was greatly pleased with you.
You visited 1 branch of the dungeon, and saw 4 of its levels.

You collected 201 gold pieces.


Innate Abilities, Weirdness & Mutations

You have sharp fingernails.
A meltable icy envelope protects you from harm. (AC +0)
You regenerate magic rapidly.
A meltable shield of frost defends you. (SH +0)


   Skills:
 - Level 3.0 Fighting
 + Level 5.5 Axes
 - Level 2.9 Armour
 - Level 0.5 Dodging
 - Level 1.0 Spellcasting
 - Level 2.6 Fire Magic


You had 7 spell levels left.
You didn't know any spells.
Your spell library contained the following spells:

 Spells                   Type           Power      Damage    Failure   Level
 Scorch                   Fire           18%        2d5       90%         2

Inventory:

Hand Weapons
 Y - a +0 hand axe of flaming (weapon)
Missiles
 k - 5 boomerangs (quivered)
Armour
 c - a +2 pair of gloves
 d - a +2 pair of gloves (worn)
 l - a +0 chain mail (worn)
Jewellery
 e - a ring of poison resistance
Scrolls
 h - a scroll of identify
Potions
 a - a potion of magic {unknown}
 b - a potion of lignification {unknown}
 g - 2 potions of heal wounds
 m - a potion of curing {unknown}

Dungeon Overview and Level Annotations

Branches:
Dungeon (4/15)
 Temple: D:4-7

Altars:


Message History

4378 ||| INVOKING Fiery Armour.
A protective cloak of flame settles atop you.
A necrophage comes into view.
The orc hits you with a +0 falchion.
The orc is burned by your cloak of flames.
The orc is severely wounded.
You closely miss the orc.
The orc is severely wounded.
You closely miss the orc. The orc hits you but does no damage.
The orc is burned by your cloak of flames.
You kill the orc!
The orc priest invokes the aid of Beogh against you.
Beogh smites you! The orc completely misses you.
You barely miss the orc. The orc hits you but does no damage.
The orc is burned by your cloak of flames.
You kill the orc!
You closely miss the orc priest. You hit the orc but do no damage.
The orc priest miscasts a cantrip.
The orc hits you but does no damage.
You feel drained.
The orc is burned by your cloak of flames.
The orc is heavily wounded.
The orc hits you but does no damage.
You feel drained.
The orc is burned by your cloak of flames.
You kill the orc!
The orc priest mumbles some strange prayers to Beogh against you.
Beogh smites you!
You hit the orc priest. You burn the orc priest.
The orc priest is heavily wounded.
The orc priest barely misses you.
You hit the orc priest. You burn the orc priest.
The orc priest is severely wounded.
You hit the orc priest. You burn the orc priest.
The orc priest hits you but does no damage.
The orc priest is burned by your cloak of flames.
You kill the orc priest!
The orc priest calls down the wrath of Beogh upon you.
Beogh smites you!
You die...

# #...### +.. ....
#'#...####.# #..#
#.###...#..#
#..####...###...## #
....##..#...###.#.
#.####...##.####...####
........#..#..#'#...#.
#.)on##.##..).##.##.
##@)#..#..}..#..#..
#..##.##....##.##.#
#......###..#..#..'
#..###...####.##.##
##.. ###...#..#..#.
.... ###..)##.##.
#.###) ###.'...## #. .#
#####... ## # ###.


You could see a necrophage and an orc priest.

Vanquished Creatures
  A water moccasin (D:4)
  An ogre (D:4)
  An orc priest (D:4)
  4 adders
  3 worms
  A dart slug (D:4)
  4 orcs (D:4)
  6 bats
  8 endoplasms
  5 giant cockroaches
  10 hobgoblins
  6 jackals
  9 kobolds
  6 quokkas
  5 ball pythons
  9 frilled lizards
  14 goblins
  6 rats
99 creatures vanquished.

Notes
Turn   | Place    | Note
-------+----------+-------------------------------------------
     0 | D:1      | qw the Demonspawn Cinder Acolyte began the quest for the
                  | Orb.
     0 | D:1      | Reached XP level 1. HP: 18/18 MP: 2/2
     0 | D:1      | 0 ||| qw: Version: 0.1-a-113-g051387a
     0 | D:1      | 0 ||| qw: Game counter: 7229
     0 | D:1      | 0 ||| qw: Always use a shield: true
     0 | D:1      | 0 ||| qw: God list: Okawaru
     0 | D:1      | 0 ||| qw: Allow faded altars: false
     0 | D:1      | 0 ||| qw: Do Orc after D:15 true
     0 | D:1      | 0 ||| qw: Do second Lair branch before Depths: true
     0 | D:1      | 0 ||| qw: Lair rune preference: random
     0 | D:1      | 0 ||| qw: Plans: Normal
     0 | D:1      | 0 ||| PLANNING D:1-11
    41 | D:1      | 41 ||| INVOKING Fiery Armour.
    46 | D:1      | Reached skill level 3 in Axes
   372 | D:1      | Gained mutation: A meltable shield of frost defends you.
                  | (SH +0) [demonic ancestry]
   372 | D:1      | Reached XP level 2. HP: 23/24 MP: 3/3
   509 | D:1      | 509 ||| Stepping ~*~*~tactically~*~*~ (stealth).
   514 | D:1      | 514 ||| Stepping ~*~*~tactically~*~*~ (stealth).
   520 | D:1      | 520 ||| Stepping ~*~*~tactically~*~*~ (stealth).
   564 | D:1      | 564 ||| Stepping ~*~*~tactically~*~*~ (stealth).
   568 | D:1      | 568 ||| Stepping ~*~*~tactically~*~*~ (stealth).
   657 | D:1      | 657 ||| Stepping ~*~*~tactically~*~*~ (stealth).
   682 | D:1      | 682 ||| INVOKING Fiery Armour.
   684 | D:1      | Gained mutation: You have sharp fingernails. [demonic
                  | ancestry]
   684 | D:1      | Reached XP level 3. HP: 13/29 MP: 4/4
   684 | D:1      | 684 ||| Stepping ~*~*~tactically~*~*~ (stealth).
   706 | D:1      | 706 ||| Stepping ~*~*~tactically~*~*~ (stealth).
   707 | D:1      | 707 ||| Stepping ~*~*~tactically~*~*~ (stealth).
  1004 | D:1      | Found a faded altar of an unknown god.
  1011 | D:1      | Reached skill level 4 in Axes
  1049 | D:1      | 1049 ||| Stepping ~*~*~tactically~*~*~ (stealth).
  1070 | D:1      | 1070 ||| Stepping ~*~*~tactically~*~*~ (stealth).
  1072 | D:1      | 1072 ||| Stepping ~*~*~tactically~*~*~ (stealth).
  1373 | D:1      | 1373 ||| UPGRADING to +0 ring mail.
  1383 | D:1      | 1383 ||| DROPPING +0 robe.
  1384 | D:1      | 1384 ||| UPGRADING to +2 pair of gloves.
  1389 | D:1      | 1389 ||| READING scroll labelled EVONIB SUSH.
  1394 | D:1      | 1394 ||| READING 2 scrolls labelled FEB FOSORITUEMAFAX.
  1395 | D:1      | 1395 ||| READING scroll labelled NIOBOR JILY.
  1396 | D:1      | 1396 ||| READING scroll labelled LOTEKL HAOFULI.
  1397 | D:1      | 1397 ||| READING scroll labelled PEDWAU XOGEEPSUMN.
  1398 | D:1      | 1398 ||| READING scroll labelled JAABOU VIETEY.
  1399 | D:1      | 1399 ||| READING scroll labelled ISYMUO QOPH.
  1400 | D:1      | 1400 ||| DROPPING scroll of noise.
  1401 | D:1      | 1401 ||| Stepping randomly (stuck).
  1402 | D:1      | 1402 ||| Stepping ~*~*~tactically~*~*~ (cloud).
  1410 | D:1      | HP: 7/29 [poisoned by you (poison gas)]
  1890 | D:2      | Gained mutation: A meltable icy envelope protects you from
                  | harm. (AC +0) [demonic ancestry]
  1890 | D:2      | Reached XP level 4. HP: 35/35 MP: 5/5
  2066 | D:2      | 2066 ||| Stepping ~*~*~tactically~*~*~ (stealth).
  2096 | D:2      | 2096 ||| Stepping ~*~*~tactically~*~*~ (hiding).
  2104 | D:2      | 2104 ||| INVOKING Fiery Armour.
  2131 | D:2      | 2131 ||| FLEEEEING.
  2412 | D:2      | 2412 ||| FLEEEEING.
  2413 | D:2      | 2413 ||| FLEEEEING.
  2422 | D:2      | 2422 ||| FLEEEEING.
  2423 | D:2      | 2423 ||| FLEEEEING.
  2472 | D:2      | 2472 ||| UPGRADING to +0 chain mail.
  2473 | D:2      | 2473 ||| UPGRADING to +0 chain mail.
  2474 | D:2      | 2474 ||| UPGRADING to +0 chain mail.
  2475 | D:2      | 2475 ||| UPGRADING to +0 chain mail.
  2476 | D:2      | 2476 ||| UPGRADING to +0 chain mail.
  2477 | D:2      | 2477 ||| UPGRADING to +0 chain mail.
  2479 | D:2      | 2479 ||| UPGRADING to +0 chain mail.
  2480 | D:2      | 2480 ||| UPGRADING to +0 chain mail.
  2481 | D:2      | 2481 ||| UPGRADING to +0 chain mail.
  2482 | D:2      | 2482 ||| UPGRADING to +0 chain mail.
  2483 | D:2      | 2483 ||| UPGRADING to +0 chain mail.
  2484 | D:2      | 2484 ||| UPGRADING to +0 chain mail.
  2485 | D:2      | 2485 ||| UPGRADING to +0 chain mail.
  2486 | D:2      | 2486 ||| UPGRADING to +0 chain mail.
  2487 | D:2      | 2487 ||| UPGRADING to +0 chain mail.
  2488 | D:2      | 2488 ||| UPGRADING to +0 chain mail.
  2490 | D:2      | 2490 ||| UPGRADING to +0 chain mail.
  2491 | D:2      | 2491 ||| FLEEEEING.
  2492 | D:2      | 2492 ||| FLEEEEING.
  2493 | D:2      | 2493 ||| FLEEEEING.
  2494 | D:2      | 2494 ||| FLEEEEING.
  2495 | D:2      | 2495 ||| UPGRADING to +0 chain mail.
  2496 | D:2      | 2496 ||| UPGRADING to +0 chain mail.
  2497 | D:2      | 2497 ||| UPGRADING to +0 chain mail.
  2499 | D:2      | 2499 ||| UPGRADING to +0 chain mail.
  2501 | D:2      | 2501 ||| UPGRADING to +0 chain mail.
  2502 | D:2      | 2502 ||| FLEEEEING.
  2532 | D:2      | 2532 ||| UPGRADING to +0 chain mail.
  2542 | D:2      | 2542 ||| DROPPING +0 ring mail.
  2543 | D:2      | 2543 ||| DROPPING amulet of magic regeneration.
  2544 | D:2      | 2544 ||| READING scroll labelled BIASOR HYASA.
  2686 | D:2      | 2686 ||| READING scroll labelled GAAPOTOUBO.
  2687 | D:2      | 2687 ||| READING scroll labelled QEAMOL CYBESOI.
  2688 | D:2      | 2688 ||| DRINKING 2 fuming brown potions.
  2689 | D:2      | 2689 ||| READING 4 scrolls of identify.
  2689 | D:2      | 2689 ||| IDENTIFYING coppery potion
  2690 | D:2      | 2690 ||| READING 3 scrolls of identify.
  2690 | D:2      | 2690 ||| IDENTIFYING fuming yellow potion
  2691 | D:2      | 2691 ||| READING 2 scrolls of identify.
  2691 | D:2      | 2691 ||| IDENTIFYING smoky purple potion
  2692 | D:2      | 2692 ||| DROPPING potion of invisibility.
  2693 | D:2      | 2693 ||| DROPPING potion of brilliance.
  2694 | D:2      | 2694 ||| DROPPING potion of flight.
  2810 | D:3      | Reached skill level 1 in Armour
  2828 | D:3      | 2828 ||| FLEEEEING.
  2829 | D:3      | 2829 ||| FLEEEEING.
  2830 | D:3      | 2830 ||| FLEEEEING.
  2831 | D:3      | 2831 ||| FLEEEEING.
  2832 | D:3      | 2832 ||| FLEEEEING.
  2833 | D:3      | 2833 ||| FLEEEEING.
  2834 | D:3      | 2834 ||| FLEEEEING.
  2835 | D:3      | 2835 ||| FLEEEEING.
  2836 | D:3      | 2836 ||| FLEEEEING.
  2837 | D:3      | 2837 ||| FLEEEEING.
  2838 | D:3      | 2838 ||| FLEEEEING.
  2838 | D:3      | HP: 8/35 [poisoned by a kobold]
  2839 | D:3      | 2839 ||| FLEEEEING.
  2840 | D:3      | 2840 ||| FLEEEEING.
  2841 | D:3      | 2841 ||| FLEEEEING.
  2842 | D:3      | 2842 ||| FLEEEEING.
  2843 | D:3      | 2843 ||| FLEEEEING.
  2849 | D:3      | 2849 ||| FLEEEEING.
  2851 | D:3      | 2851 ||| FLEEEEING.
  2852 | D:3      | 2852 ||| FLEEEEING.
  2853 | D:3      | 2853 ||| FLEEEEING.
  2854 | D:3      | 2854 ||| FLEEEEING.
  2855 | D:3      | 2855 ||| FLEEEEING.
  2856 | D:3      | 2856 ||| FLEEEEING.
  2857 | D:3      | 2857 ||| FLEEEEING.
  2858 | D:3      | 2858 ||| FLEEEEING.
  2859 | D:3      | 2859 ||| FLEEEEING.
  2860 | D:3      | 2860 ||| FLEEEEING.
  2861 | D:3      | 2861 ||| FLEEEEING.
  2862 | D:3      | 2862 ||| FLEEEEING.
  2865 | D:3      | 2865 ||| STAIRDANCE
  3577 | D:3      | 3577 ||| READING scroll labelled UBUOWN JORISOE.
  3703 | D:4      | Reached XP level 5. HP: 41/41 MP: 6/6
  3713 | D:4      | Noticed a water moccasin
  3725 | D:4      | Reached skill level 5 in Axes
  3730 | D:4      | 3730 ||| INVOKING Fiery Armour.
  3731 | D:4      | Killed a water moccasin
  3776 | D:4      | Noticed an ogre
  3785 | D:4      | Killed an ogre
  3786 | D:4      | Gained mutation: You regenerate magic rapidly. [demonic
                  | ancestry]
  3786 | D:4      | Reached XP level 6. HP: 21/47 MP: 7/7
  4293 | D:4      | 4293 ||| Stepping ~*~*~tactically~*~*~ (stealth).
  4339 | D:4      | 4339 ||| Stepping ~*~*~tactically~*~*~ (stealth).
  4340 | D:4      | 4340 ||| Stepping ~*~*~tactically~*~*~ (stealth).
  4342 | D:4      | 4342 ||| Stepping ~*~*~tactically~*~*~ (stealth).
  4378 | D:4      | 4378 ||| INVOKING Fiery Armour.
  4383 | D:4      | Killed from afar by an orc priest

Levels and vault maps discovered:
D:1:      scummos_arrival_hexagon, layout_loops_ring,
          hellmonk_ecumenical_altar_crossroads,
          amcnicky_mini_rare_corridor_liquid, minmay_octomino_c4
D:2:      layout_loops_ring, minmay_goblin_outpost
D:3:      layout_basic
D:4:      minmay_skewed_foursquare, layout_loops_cross,
          lemuel_zombie_altar_yredelemnul, serial_shops,
          nicolae_shop_behind_doors

Skill      XL: |  1  2  3  4  5 |
---------------+----------------+-----
Axes           | 3 4 5 |  5.5
Armour         | 1 2 |  2.9
Fighting       | |  3.0
Dodging        | |  0.5
Spellcasting   | |  1.0
Fire Magic     | |  2.6

Action                   |  1- 3 |  4- 6 || total
-------------------------+-------+-------++-------
Melee: Hand axe          |   123 |   110 ||   233
Throw: Boomerang         |       |    55 ||    55
Invok: Fiery Armour      |     2 |     3 ||     5
  Use: Scroll            |     7 |     7 ||    14
       Potion            |       |     1 ||     1
Armor: Robe              |    23 |       ||    23
       Ring mail         |     5 |    42 ||    47
       Chain mail        |       |    38 ||    38
Dodge: Dodged            |    81 |    66 ||   147
Block: Other             |    15 |    28 ||    43

Table legend:
 A = Non-vault XP
 B = Vault XP
 C = Vault XP percentage of total XP
 D = Non-vault monster count
 E = Vault monster count
 F = Vault count percentage of total count
                 A         B        C        D         E       F
            +---------+---------+-------+---------+---------+-------
      Total |     481 |      51 |   9.6 |      80 |      19 |  19.2
            +---------+---------+-------+---------+---------+-------
        D:1 |      53 |      10 |  15.9 |      33 |       6 |  15.4
        D:2 |      49 |      10 |  16.9 |      15 |       6 |  28.6
        D:3 |      51 |       0 |   0.0 |      18 |       0 |   0.0
        D:4 |     328 |      31 |   8.6 |      14 |       7 |  33.3
            +---------+---------+-------+---------+---------+-------
